Map: Orbital Shipyard

Players

Soey - Winner!

  • Race: Zerg Zerg
  • League: Master

Miszu

  • Race: Terran Terran
  • League: Master

VOD

Have the link to the VOD?

Description

Time

  • Played on: Feb. 4, 2016, 6:51 p.m.
  • Length: 3:29
Show
View Real Time Build Order
Export as new Build Order

Soey Zerg - Winner!

Build Orders: Pool Only 

Get SALT Encoding   

  12  0:01  Drone  
  13  0:08  Drone  
  14  0:19  Extractor  
  14  0:20  Drone  
  14  0:33  Spawning Pool  
  14  0:35  Drone  
  14  0:46  Extractor, Drone  
  15  0:52  Overlord  
  15  1:20  Zergling x4  
  15  1:21  Zergling x2, Queen  
  15  1:24  Metabolic Boost  
  20  1:32  Zergling x2  
  21  1:43  Zergling x2  
  22  1:50  Baneling Nest  
  21  1:55  Zergling x2  
  22  2:06  Overlord  
  22  2:26  Zergling x4  
  24  2:33  Baneling x5  
  24  2:34  Zergling x4  
  24  2:35  Zergling x2  
  27  2:42  Zergling x2  
  25  2:59  Zergling x2  
Show
View Real Time Build Order
Export as new Build Order

Miszu Terran 

Build Orders: Reaper Expand 

Get SALT Encoding   

  12  0:01  SCV  
  13  0:13  SCV  
  14  0:19  Supply Depot  
  14  0:25  SCV  
  15  0:41  SCV  
  15  0:42  Barracks  
  16  0:44  Refinery  
  16  0:53  SCV  
  17  1:05  SCV  
  18  1:17  SCV  
  19  1:30  Orbital Command  
  19  1:31  Barracks Reactor  
  19  1:33  Reaper  
  20  1:40  Command Center  
  20  1:51  Supply Depot  
  20  1:55  SCV  
  21  2:01  Refinery  
  21  2:06  Barracks Reactor  
  21  2:07  SCV  
  22  2:19  SCV  
  23  2:29  Barracks  
  23  2:31  Factory  
  23  2:33  SCV  
  24  2:41  Barracks  
  24  2:42  Marine x2  
  26  2:49  SCV  
  27  3:00  Marine x2  
  29  3:11  Supply Depot  
Tags
 
Add a new tag
Caveats
  • Supply blocks, unpowered buildings, or Contaminate may cause inaccurate times.
  • Supply counts are checked every 10 seconds.